 Dungeon Crawl Stone Soup version 0.27-a0-1113-gb2b6fe9c5e (console) character file.

Game seed: 6065011274018947900

260 Gather the Insei (level 6, -1/38 HPs)
             Began as an Octopode Transmuter on May 1, 2021.
             Slain by a hound (3 damage)
             ... on level 5 of the Dungeon.
             The game lasted 00:20:21 (5246 turns).

Gather the Insei (Octopode Transmuter)              Turns: 5246, Time: 00:20:21

Health: -1/38      AC:  1    Str:  9    XL:     6   Next: 17%
Magic:  7/18       EV: 14    Int: 15    God:
Gold:   137        SH:  0    Dex: 15    Spells: 3/9 levels left

rFire    . . .     SeeInvis .     - Unarmed
rCold    . . .     Faith    .   (no shield)
rNeg     . . .     Spirit   .   (helmet currently unavailable)
rPois    .         Reflect  .   (no amulet)
rElec    .         Harm     .   j - ring of magical power
rCorr    .         Rampage  .   (no ring)
Will     .....                  (no ring)
Stlth    ++........             (no ring)
HPRegen  0.12/turn              (no ring)
MPRegen  0.16/turn              (no ring)
                                (no ring)
                                (no ring)

@: appendages, very slightly contaminated
A: tentacle spike 3, almost no armour, amphibious, 8 rings, camouflage 1,
gelatinous body 1, (nimble swimmer 1), tentacles
a: End Transformation


You were on level 5 of the Dungeon.
One of your tentacles had grown a beastly spike.
You visited 1 branch of the dungeon, and saw 5 of its levels.

You collected 137 gold pieces.

Inventory:

Hand Weapons
 a - a +0 dagger
 h - a +1 short sword of freezing
 q - a +1 hunting sling
Missiles
 c - 27 arrows
 f - 11 poisoned darts (quivered)
 g - 117 stones
 n - 7 curare-tipped darts
Jewellery
 j - a ring of magical power (left tentacle)
Wands
 i - a wand of iceblast (7)
Potions
 b - a potion of mutation


   Skills:
 - Level 1.0 Fighting
 + Level 3.3 Dodging
 + Level 4.6 Unarmed Combat
 - Level 2.0 Spellcasting
 + Level 3.4 Transmutations
 - Level 3.0 Poison Magic


You had 3 spell levels left.
You knew the following spells:

 Your Spells              Type           Power      Damage    Failure   Level
a - Beastly Appendage     Tmut           22%        N/A       5%          1
w - Wereblood             Tmut           11%        N/A       9%          2
x - Spider Form           Tmut/Pois      5%         N/A       19%         3

Your spell library contained the following spells:

 Spells                   Type           Power      Damage    Failure   Level
 Ice Form                 Ice/Tmut       6%         N/A       73%         4
 Hydra Form               Tmut           5%         N/A       83%         5


Dungeon Overview and Level Annotations

Branches:
Dungeon (5/15)
 Temple: D:4-7

Altars:
Makhleb
Uskayaw
Yredelemnul
Zin


Innate Abilities, Weirdness & Mutations

One of your tentacles has grown a beastly spike.
You cannot wear most types of armour.
You are amphibious.
You can wear up to eight rings at the same time.
Your skin changes colour to match your surroundings (Stealth+).
Your rubbery body absorbs attacks. (AC +1, EV +1)
((You are camouflaged near water. (Stealth+)))
You have tentacles for arms and can constrict up to eight enemies at once.


Message History

Nothing appears to happen.
The hound bites you. x2
Casting: Spider Form (quite dangerous; 19% risk of failure)
Confirm with . or Enter, or press ? or * to list all spells.
The spell is quite dangerous to cast (19% risk of failure)!
Continue anyway?
You miscast Spider Form.
Nothing appears to happen.
The hound closely misses you. The hound barely misses you.
The hound barely misses you.
Found an escape hatch in the floor.
The hound bites you. The hound closely misses you.
Found a stone staircase leading down.
Found an escape hatch in the ceiling.
The hound bites you.
Found a stone staircase leading up.
A jelly comes into view.
The hound bites you.
* * * LOW HITPOINT WARNING * * *
Found a wand of iceblast (10).
There is an escape hatch in the floor here.
The hound completely misses you. The hound misses you.
You slide downwards.
The hatch slams shut behind you.
You hear the hiss of flowing sand.
There is an entrance to an ossuary on this level.
Hurry and find it before the portal is buried!
Found 7 gold pieces.
Casting: Spider Form (quite dangerous; 19% risk of failure)
Confirm with . or Enter, or press ? or * to list all spells.
The spell is quite dangerous to cast (19% risk of failure)!
Continue anyway?
You miscast Spider Form.
Your body is twisted painfully.
The hound bites you.
* * * LOW HITPOINT WARNING * * *
Casting: Spider Form (quite dangerous; 19% risk of failure)
Confirm with . or Enter, or press ? or * to list all spells.
The spell is quite dangerous to cast (19% risk of failure)!
Continue anyway?
You miscast Spider Form.
Nothing appears to happen.
The hound bites you.
* * * LOW HITPOINT WARNING * * *
The hound completely misses you.
Casting: Spider Form (quite dangerous; 19% risk of failure)
Confirm with . or Enter, or press ? or * to list all spells.
One of your tentacles grows a vicious spike.
The hound bites you.
You die...

#$#
#.#
#.#
#.#
#.#
#.#
#.#
#@#
#h#
..#
####


You could see a hound.

Vanquished Creatures
  A phantom (D:3)
  A hound (D:4)
  A hound zombie (D:3)
  Robin (D:3)
  3 adders
  2 worms
  A dart slug (D:2)
  7 orcs
  7 endoplasms
  3 giant cockroaches
  6 hobgoblins
  8 jackals
  A kobold (D:2)
  5 quokkas
  6 ball pythons
  3 bats
  4 frilled lizards
  13 goblins
  A quokka zombie (D:3)
  9 rats
83 creatures vanquished.

Notes
Turn   | Place    | Note
-------+----------+-------------------------------------------
     0 | D:1      | Gather the Octopode Transmuter began the quest for the Orb.
     0 | D:1      | Reached XP level 1. HP: 13/13 MP: 3/3
   312 | D:1      | Reached XP level 2. HP: 17/18 MP: 3/5
   864 | D:1      | Reached XP level 3. HP: 14/23 MP: 4/6
   868 | D:1      | Learned a level 3 spell: Spider Form
  1012 | D:1      | Found a faded altar of an unknown god.
  1434 | D:1      | Learned a level 2 spell: Wereblood
  1514 | D:2      | Reached skill level 1 in Poison Magic
  2496 | D:2      | Reached XP level 4. HP: 24/28 MP: 7/7
  2773 | D:3      | Found a hide-covered altar of Uskayaw.
  3406 | D:3      | Noticed Robin
  3424 | D:3      | Reached skill level 4 in Unarmed Combat
  3429 | D:3      | Killed Robin
  3695 | D:3      | Reached XP level 5. HP: 26/33 MP: 8/8
  3899 | D:3      | Found a basalt altar of Yredelemnul.
  4159 | D:4      | Noticed a phantom
  4159 | D:4      | Noticed an ogre
  4360 | D:4      | Noticed an ogre
  4666 | D:3      | Killed a phantom
  4667 | D:3      | Reached XP level 6. HP: 12/38 MP: 9/9
  5100 | D:4      | Found a burning altar of Makhleb.
  5192 | D:4      | Found a glowing silver altar of Zin.
  5193 | D:4      | Noticed an angel
  5195 | D:4      | Noticed an Executioner
  5243 | D:5      | Entered Level 5 of the Dungeon
  5246 | D:5      | Slain by a hound

Illustrated notes

Levels and vault maps discovered:
D:1:      dpeg_arrival_stone_temple_mockup, layout_basic,
          chequers_ecumenical_altar_simple_redux
D:2:      layout_basic
D:3:      wander_river, layout_basic, nicolae_overflow_crystal_walls,
          lemuel_zombie_altar_yredelemnul, uniq_robin
D:4:      layout_cave_pools, grunt_temple_overflow_order_and_chaos_2,
          grunt_temple_overflow_bloody_war, cheibrodos_sewer_entry_bend,
          kennysheep_cross_bottleneck, minmay_stone_trees_medium
D:5:      layout_loops_ring, enter_ossuary_2, corexii_corridor_pit,
          kennysheep_donut, dk_noncrumbling_3, hangedman_decor_diamond_cutter,
          minivault_23, grunt_decor_arrowhead,
          amcnicky_mini_rare_corridor_liquid

Skill      XL: |  1  2  3  4  5 |
---------------+----------------+-----
Poison Magic   | 2 3 |  3.0
Unarmed Combat | 4 |  4.6
Dodging        | 3 |  3.3
Transmutations | 3 |  3.4
Fighting       | |  1.0
Spellcasting   | |  2.0

Action                   |  1- 3 |  4- 6 || total
-------------------------+-------+-------++-------
Melee: Unarmed           |    87 |   103 ||   190
       Kick              |    12 |    11 ||    23
       Constrict         |    19 |     5 ||    24
       Tentacles         |     7 |     6 ||    13
       Punch             |     2 |     4 ||     6
       Dagger            |       |     1 ||     1
 Fire: Hunting sling     |       |     4 ||     4
Throw: Dart              |     2 |     6 ||     8
       Stone             |       |    61 ||    61
 Cast: Beastly Appendage |    26 |    15 ||    41
       Spider Form       |     1 |    12 ||    13
       Wereblood         |       |     1 ||     1
 Abil: End Transformatio |       |     1 ||     1
  Use: Scroll            |       |     7 ||     7
       Potion            |       |     2 ||     2
 Stab: Sleeping          |     4 |     4 ||     8
Armor: Skin              |     9 |     4 ||    13
Dodge: Dodged            |    42 |    75 ||   117

Table legend: (Time is in decaauts)
 A = Elapsed time spent in this place.
 B = Non-inter-level travel time spent in this place.
 C = Inter-level travel time spent in this place.
 D = Time resting spent in this place.
 E = Time spent auto-exploring this place.
 F = Levels seen in this place.
 G = Mean time per level.
                   A        B        C        D        E       F      G
               +--------+--------+--------+--------+--------+-----+--------+
         Total |   5245 |   5102 |    143 |   1145 |   2994 |   5 | 1049.0 |
       Dungeon |   5245 |   5102 |    143 |   1145 |   2994 |   5 | 1049.0 |
               +--------+--------+--------+--------+--------+-----+--------+

Top non-repeatable levels by time:
     D:3: 2036 daAuts
     D:1: 1501 daAuts
     D:2: 1241 daAuts
     D:4: 462 daAuts
     D:5: 2 daAuts
